 Dungeon Crawl Stone Soup version 0.26.1-2-gb8aa6d0cf2 (webtiles) character file.

Game seed: 11316275322654925914

172602 funkygono the Warrior (level 17, -1/163 HPs)
             Began as a Minotaur Gladiator on Mar 14, 2021.
             Was an Elder of Makhleb.
             Slain by a nagaraja (4 damage)
             ... on level 4 of the Snake Pit.
             The game lasted 01:46:19 (35002 turns).

funkygono the Warrior (Minotaur Gladiator)         Turns: 35002, Time: 01:46:20

Health: -1/163     AC: 33    Str: 29    XL:     17   Next: 41%
Magic:  24/24      EV:  9    Int:  7    God:    Makhleb [****..]
Gold:   2501       SH:  0    Dex: 13    Spells: 16/16 levels left

rFire    + + .     SeeInvis .   a - +5 whip (venom)
rCold    . . .     Faith    .   (no shield)
rNeg     + + +     Spirit   .   e - +5 plate armour {rF+}
rPois    .         Reflect  .   E - +2 hat
rElec    +         Harm     .   Q - +2 cloak of Inevitability {+Inv rElec Str+3}
rCorr    .         Rampage  .   n - +1 pair of gloves
Will     ++...                  k - +0 pair of boots
Stlth    ..........             J - amulet of regeneration
HPRegen  0.77/turn              U - ring of Qeunk {rElec rN+++ Str+2 Int-5 Slay+4}
MPRegen  0.19/turn              h - ring "Huipyfar" {*Contam rF+ Will+ Int+6 Slay+3}

@: lethally poisoned (-1 -> -2), constricted
A: retaliatory headbutt, horns 2
a: Renounce Religion, Evoke Invisibility, Minor Destruction, Lesser Servant of
Makhleb, Major Destruction


You were on level 4 of the Snake Pit.
You worshipped Makhleb.
Makhleb was greatly pleased with you.
You visited 5 branches of the dungeon, and saw 28 of its levels.
You also visited: Gauntlet.

You collected 3151 gold pieces.
You spent 650 gold pieces at shops.

Inventory:

Hand Weapons
 a - a +5 whip of venom (weapon)
 b - a +1 shortbow of flaming
Missiles
 m - 699 arrows
Armour
 e - a +5 plate armour of fire resistance (worn)
 k - a +0 pair of boots (worn)
 n - a +1 pair of gloves (worn)
 E - a +2 hat (worn)
 Q - the +2 cloak of Inevitability (worn) {+Inv rElec Str+3}
   (You found it on level 6 of the Lair of Beasts)

   It affects your strength (+3).
   It insulates you from electricity.
   It lets you turn invisible.
Jewellery
 f - an uncursed amulet of faith
 g - a +6 ring of strength
 h - the ring "Huipyfar" (right hand) {*Contam rF+ Will+ Int+6 Slay+3}
   (You found it on level 1 of the Orcish Mines)

   [ring of intelligence]

   It affects your intelligence (+6).
   It affects your accuracy and damage with ranged weapons and melee attacks
   (+3).
   It protects you from fire.
   It affects your willpower, your defense against some magical effects.
   It causes magical contamination when unequipped.
 l - a +6 ring of strength
 q - an uncursed ring of stealth
 w - the ring of the Hare {EV+8}
   (You found it in a Gauntlet)

   [ring of evasion]

   It affects your evasion (+8).
 J - an amulet of regeneration (around neck)
 M - an uncursed ring of flight {unknown}
 R - an uncursed ring of resist corrosion
 S - an uncursed ring of poison resistance
 T - the ring of Buanexko {rPois Will+}
   (You found it on level 6 of the Lair of Beasts)

   [ring of willpower]

   It protects you from poison.
   It affects your willpower, your defense against some magical effects.
 U - the ring of Qeunk (left hand) {rElec rN+++ Str+2 Int-5 Slay+4}
   (You acquired it on level 14 of the Dungeon)

   [ring of slaying]

   It affects your strength (+2).
   It affects your intelligence (-5).
   It affects your accuracy and damage with ranged weapons and melee attacks
   (+4).
   It insulates you from electricity.
   It renders you almost immune to negative energy.
Wands
 c - a wand of random effects (26)
 j - a wand of iceblast (9)
 o - a wand of polymorph (29)
 r - a wand of acid (4)
 s - a wand of disintegration (19)
 C - a wand of digging (11)
 I - a wand of flame (18)
 W - a wand of enslavement (7)
Scrolls
 y - 7 scrolls of fog
 z - 9 scrolls of identify
 F - 3 scrolls of teleportation
 G - 2 scrolls of blinking
 N - 3 scrolls of fear
 O - 7 scrolls of remove curse
Potions
 d - 3 potions of cancellation
 i - 2 potions of might
 p - 2 potions of curing
 t - 4 potions of flight
 u - 3 potions of lignification
 v - a potion of invisibility
 x - 2 potions of berserk rage
 A - 3 potions of resistance
 D - 2 potions of haste
 K - 5 potions of mutation
 L - 2 potions of ambrosia
Miscellaneous
 B - a condenser vane (inert)


   Skills:
 + Level 17.7 Fighting
 + Level 15.3 Maces & Flails
 + Level 14.5 Bows
 + Level 2.0 Throwing
 + Level 17.4 Armour
 + Level 6.8 Dodging
 - Level 2.0 Stealth
 + Level 10.7 Invocations
 + Level 7.6 Evocations


You had 16 spell levels left.
You didn't know any spells.
Your spell library contained the following spells:

 Spells                   Type           Power        Failure   Level
 Animate Skeleton         Necr           0%           93%         1
 Apportation              Tloc           0%           93%         1
 Corona                   Hex            0%           93%         1
 Foxfire                  Conj/Fire      0%           93%         1
 Magic Dart               Conj           0%           93%         1
 Pain                     Necr           0%           93%         1
 Sandblast                Erth           0%           93%         1
 Sting                    Tmut/Pois      0%           93%         1
 Summon Small Mammal      Summ           0%           93%         1
 Call Imp                 Summ           0%           98%         2
 Corpse Rot               Necr/Air       N/A          98%         2
 Passwall                 Tmut/Erth      0%           98%         2
 Poisonous Vapours        Pois/Air       0%           98%         2
 Searing Ray              Conj           0%           98%         2
 Call Canine Familiar     Summ           0%           100%        3
 Confusing Touch          Hex            0%           100%        3
 Dazzling Flash           Conj/Hex       0%           100%        3
 Gell's Gravitas          Tloc           0%           100%        3
 Ignite Poison            Fire/Tmut/Pois 0%           100%        3
 Mephitic Cloud           Conj/Pois/Air  0%           100%        3
 Stone Arrow              Conj/Erth      0%           100%        3
 Summon Guardian Golem    Hex/Summ       0%           100%        3
 Vampiric Draining        Necr           0%           100%        3
 Animate Dead             Necr           0%           100%        4
 Cause Fear               Hex            0%           100%        4
 Fulminant Prism          Conj/Hex       0%           100%        4
 Iskenderun's Mystic Bla  Conj/Tloc      0%           100%        4
 Leda's Liquefaction      Hex/Erth       0%           100%        4
 Olgreb's Toxic Radiance  Pois           0%           100%        4
 Petrify                  Tmut/Erth      0%           100%        4
 Summon Ice Beast         Ice/Summ       0%           100%        4
 Summon Lightning Spire   Summ/Air       0%           100%        4
 Agony                    Necr           0%           100%        5
 Bolt of Magma            Conj/Fire/Erth 0%           100%        5
 Fireball                 Conj/Fire      0%           100%        5
 Lee's Rapid Deconstruct  Erth           0%           100%        5
 Metabolic Englaciation   Hex/Ice        0%           100%        5
 Summon Forest            Summ/Tloc      0%           100%        5
 Yara's Violent Unravell  Hex/Tmut       0%           100%        5
 Eringya's Noxious Bog    Tmut/Pois      0%           100%        6
 Hydra Form               Tmut           0%           100%        6
 Iron Shot                Conj/Erth      0%           100%        6
 Starburst                Conj/Fire      0%           100%        6
 Statue Form              Tmut/Erth      0%           100%        6
 Dragon Form              Tmut           0%           100%        7
 Summon Hydra             Summ           0%           100%        7
 Ignition                 Fire           0%           100%        8
 Dragon's Call            Summ           0%           100%        9
 Shatter                  Erth           0%           100%        9


Dungeon Overview and Level Annotations

Branches:
Dungeon (15/15)            Temple (1/1) D:4            Lair (6/6) D:10
 Shoals (0/4) Lair:4        Snake (4/4) Lair:4        Slime (0/5) Lair:6
    Orc (2/2) D:9             Elf (0/3) Orc:2        Vaults (0/5) D:13
 Depths (0/5) D:15        Gauntlet (visited)

Altars:
Ashenzari
Cheibriados
Dithmenos
Elyvilon
Fedhas
Gozag
Hepliaklqana
Kikubaaqudgha
Makhleb
Nemelex Xobeh
Okawaru
Qazlal
Ru
Sif Muna
Trog
Uskayaw
Vehumet
Wu Jian
Xom
Yredelemnul
Zin
The Shining One
Jiyva

Shops:
D:10 :   D:15 !   Orc:1 [   Orc:2 !*:[

Annotations:
Snake:1 2 transporters, exclusion: orange crystal statue


Innate Abilities, Weirdness & Mutations

You reflexively headbutt those who attack you in melee.
You have a pair of horns on your head.


Message History

The naga sharpshooter casts a spell.
The naga sharpshooter magically shoots an arrow.
The arrow completely misses you.
The nagaraja hits you but does no damage.
The nagaraja closely misses you.
Unknown command.
You feel sick.
Your smoke demon hits the nagaraja but does no damage.
Your smoke demon hits the nagaraja.
Your smoke demon hits the nagaraja but does no damage.
A demon appears!
The nagaraja hits you but does no damage.
The nagaraja grabs you.
* * * LOW HITPOINT WARNING * * *
The nagaraja constricts you.
The shock serpent bites your smoke demon!
The shock serpent shocks your smoke demon!
The nagaraja closely misses you. You furiously retaliate!
You headbutt the nagaraja!
You die...

#.(.#.# #.# #.))N# #.#
#..)N# #..S#N# #.N.##N# #
#...# #(# #####
..S.####S# ##....
...##..N3# #######..#.#
..##..@4## #........#.#
.##.....# #........#.#
##......# #..........#
##.......# #........###
##......<.#########......
#...........)†††....#####
#.........###########
#.........# #.........#


You could see a nagaraja (fast, poisoned), a shock serpent (corroded), a
friendly orange demon (summoned) and a friendly smoke demon (summoned).

Vanquished Creatures
  Bai Suzhen (Snake:3)
  4 nagarajas (Snake:4)
  Louise (Snake:4)
  An orc warlord (Orc:2)
  A minotaur (Gauntlet)
  A green death (Gauntlet)
  Josephine (D:13)
  An ogre mage (D:15)
  A merfolk avatar (Lair:6)
  15 naga warriors
  10 hydras
  5 two-headed ogres
  8 anacondas
  2 orc high priests
  2 death yaks (Lair:2)
  A shock serpent (Snake:4)
  17 naga sharpshooters
  A wretched star (Gauntlet)
  A salamander mystic (Snake:4)
  2 unseen horrors
  5 naga ritualists
  A phantasmal warrior (D:13)
  2 wizards
  Pikel (D:5)
  4 orc knights (Orc:2)
  8 ugly things
  9 mana vipers
  8 deep elf magi
  4 oklob plants
  2 manticores
  5 orc sorcerers
  3 cyclopes
  8 salamanders
  A merfolk siren (Lair:4)
  2 guardian serpents (shapeshifter)
  36 black mambas
  6 elephants (Lair:6)
  18 naga magi
  A torpor snail (Lair:3)
  Joseph (D:7)
  12 guardian serpents
  2 orange demons (Gauntlet)
  A minotaur zombie (Gauntlet)
  12 cane toads
  4 rime drakes (Lair:6)
  A kobold demonologist (D:13)
  13 komodo dragons
  5 polar bears
  3 tengu conjurers (D:15)
  The ghost of Jaiteiro the Digger, an amateur TrEE of Ashenzari (D:4)
  2 wind drakes (Lair:6)
  7 trolls
  The ghost of vatarom the Ruffian, an amateur DrTm (D:5)
  23 blink frogs
  4 hornets
  4 slime creatures
  Grinder (D:3)
  8 dream sheep
  2 spriggans (Lair:4)
  40 yaks
  2 shadows
  4 water elementals (D:12)
  A tarantella (shapeshifter) (D:13)
  6 wraiths
  7 wyverns
  Eustachio (D:5)
  A hog (Snake:3)
  A basilisk (Lair:6)
  Grum (D:10)
  3 neqoxecs (Orc:1)
  7 vampire mosquitoes (Lair:5)
  58 nagas
  5 wargs
  17 water moccasins
  A naga (shapeshifter) (D:15)
  An acid dragon (D:15)
  A swamp drake (Lair:5)
  An eye of draining (D:12)
  6 ice beasts
  4 sky beasts
  2 necrophages
  2 black bears
  14 ogres
  23 orc warriors
  7 phantoms
  4 boggarts (D:15)
  16 wolves
  10 centaurs
  A lemure (D:5)
  2 elf zombies (D:11)
  14 bullfrogs
  A small abomination (Gauntlet)
  A wyvern zombie (D:10)
  2 elf skeletons (D:11)
  7 scorpions
  A water moccasin skeleton (D:6)
  4 killer bees (D:9)
  12 wights
  4 electric eels
  3 centaur zombies
  5 quasits
  2 bullfrog zombies
  7 centaur skeletons
  3 human zombies (D:11)
  10 jellies
  12 orc priests
  2 bullfrog skeletons
  6 hounds
  26 orc wizards
  5 hell rats (Lair:1)
  7 iguanas
  Terence (D:2)
  A human skeleton (D:11)
  8 worker ants
  A hound skeleton (D:5)
  2 mummies (D:11)
  A howler monkey zombie (D:4)
  A worker ant zombie (D:9)
  Robin (D:3)
  18 adders
  3 gnolls (D:5)
  2 shadow imps (D:8)
  2 white imps
  An ufetubus (D:9)
  An ooze (D:4)
  An adder skeleton (D:9)
  An adder zombie (D:6)
  2 worms
  3 leopard geckos
  62 orcs
  9 bats
  7 giant cockroaches
  14 goblins
  11 hobgoblins
  8 quokkas
  3 frilled lizards
  4 kobolds
  2 leopard gecko skeletons
  A quokka skeleton (D:6)
  7 rats
868 creatures vanquished.

Vanquished Creatures (collateral kills)
  Rupert (D:14)
  Kirke (Snake:3)
  The ghost of kthxbai the Nimble, a journeyman MfGl of Hepliaklqana (Orc:1)
  4 naga warriors
  An anaconda (Snake:3)
  A two-headed ogre (D:15)
  3 death yaks (Lair:2)
  A shock serpent (Snake:3)
  2 orc high priests (Orc:2)
  4 naga sharpshooters
  A naga ritualist (Snake:1)
  5 ugly things
  A wolf spider (D:14)
  2 salamanders
  4 deep elf magi
  2 orc sorcerers (Orc:2)
  4 black mambas
  3 naga magi
  A minotaur zombie (Gauntlet)
  2 trolls (Orc:2)
  A shadow (D:14)
  3 yaks (D:14)
  15 nagas
  A warg (Orc:1)
  2 orc warriors
  A bullfrog (D:13)
  2 wights (D:14)
  A quasit (Orc:1)
  An orc priest (Orc:2)
  4 orc wizards
  5 orcs
80 creatures vanquished.

Vanquished Creatures (others)
  2 humans (Snake:3)
  4 nagas
  An orc wizard (Orc:2)
  41 fungi
  89 plants
137 creatures vanquished.

Grand Total: 1085 creatures vanquished

Notes
Turn   | Place    | Note
-------+----------+-------------------------------------------
     0 | D:1      | funkygono the Minotaur Gladiator began the quest for the
                  | Orb.
     0 | D:1      | Reached XP level 1. HP: 18/18 MP: 0/0
   367 | D:1      | Reached XP level 2. HP: 25/25 MP: 1/1
   712 | D:1      | Reached skill level 1 in Armour
   826 | D:2      | Reached XP level 3. HP: 30/30 MP: 2/2
  1281 | D:2      | Noticed Terence
  1292 | D:2      | Killed Terence
  1293 | D:2      | Reached skill level 5 in Maces & Flails
  1293 | D:2      | Reached XP level 4. HP: 29/38 MP: 3/3
  1787 | D:3      | Noticed Grinder
  1809 | D:3      | Killed Grinder
  1810 | D:3      | Reached XP level 5. HP: 36/45 MP: 4/4
  1810 | D:3      | Reached XP level 6. HP: 41/51 MP: 5/5
  2041 | D:3      | Noticed Robin
  2068 | D:3      | Killed Robin
  2230 | D:3      | Found a shimmering altar of Xom.
  3184 | D:4      | Found a staircase to the Ecumenical Temple.
  3226 | Temple   | Entered the Ecumenical Temple
  3409 | Temple   | Became a worshipper of Makhleb the Destroyer
  3577 | D:4      | Reached XP level 7. HP: 55/59 MP: 6/6
  3650 | D:4      | Found a transporter.
  3650 | D:4      | Noticed Jaiteiro's ghost (amateur TrEE)
  3909 | D:4      | Found a bloodstained altar of Trog.
  4355 | D:4      | Found a transporter.
  4467 | D:4      | Killed Jaiteiro's ghost
  4468 | D:4      | Reached skill level 5 in Armour
  4468 | D:4      | Reached skill level 5 in Dodging
  4640 | D:5      | Entered Level 5 of the Dungeon
  4688 | D:5      | Noticed Pikel
  4710 | D:5      | Killed Pikel
  4711 | D:5      | Reached skill level 5 in Fighting
  4711 | D:5      | Reached XP level 8. HP: 44/68 MP: 7/7
  4888 | D:5      | Reached * piety under Makhleb
  4924 | D:5      | Found a transporter.
  4927 | D:5      | Noticed vatarom's ghost (amateur DrTm)
  4928 | D:5      | Identified the +0 dire flail of Purpose {vorpal, Dex+4}
  4996 | D:5      | Noticed Eustachio
  5011 | D:5      | Killed Eustachio
  5068 | D:5      | Reached skill level 1 in Stealth
  5206 | D:5      | Found a transporter.
  5397 | D:5      | Killed vatarom's ghost
  5398 | D:5      | Reached XP level 9. HP: 61/75 MP: 8/8
  5671 | D:6      | Found a shimmering altar of Xom.
  5672 | D:6      | Noticed an oklob plant
  5693 | D:6      | Killed an oklob plant
  5694 | D:6      | Reached skill level 10 in Maces & Flails
  6513 | D:6      | Found an ancient bone altar of Kikubaaqudgha.
  7094 | D:7      | Noticed Joseph
  7126 | D:7      | Killed Joseph
  7149 | D:7      | Reached skill level 1 in Evocations
  7287 | D:7      | Reached skill level 1 in Bows
  7378 | D:7      | Reached XP level 10. HP: 88/88 MP: 9/9
  7463 | D:7      | Reached skill level 1 in Invocations
  7923 | D:8      | Reached ** piety under Makhleb
  9026 | D:9      | Found a staircase to the Orcish Mines.
  9273 | D:9      | Found a glowing golden altar of the Shining One.
  9301 | D:9      | Noticed a cyclops
  9333 | D:9      | Killed a cyclops
  9334 | D:9      | Reached skill level 5 in Bows
  9739 | D:9      | Reached skill level 10 in Armour
  9890 | D:9      | Found a shimmering blue altar of Sif Muna.
  9890 | D:9      | Found an iron altar of Okawaru.
  9891 | D:9      | Found a hide-covered altar of Uskayaw.
 10164 | D:10     | Entered Level 10 of the Dungeon
 10183 | D:10     | Found a staircase to the Lair.
 10308 | D:10     | Reached *** piety under Makhleb
 10375 | D:10     | Noticed Grum
 10405 | D:10     | Killed Grum
 10426 | D:10     | Reached XP level 11. HP: 33/97 MP: 12/12
 10820 | D:10     | Found a viscous altar of Jiyva.
 10990 | D:10     | Found Tuif's Book Shop.
 11141 | Lair:1   | Entered Level 1 of the Lair of Beasts
 11148 | Lair:1   | Found a shimmering altar of Xom.
 12253 | Lair:2   | Reached **** piety under Makhleb
 12493 | Lair:2   | Noticed a death yak
 12493 | Lair:2   | Noticed a death yak
 12494 | Lair:2   | Noticed a death yak
 12498 | Lair:2   | Noticed a death yak
 12498 | Lair:2   | Noticed a death yak
 12507 | Lair:2   | Killed a death yak
 12508 | Lair:2   | Reached skill level 10 in Fighting
 12518 | Lair:2   | Killed a death yak
 12522 | Lair:2   | Killed a death yak
 12536 | Lair:2   | Killed a death yak
 12546 | Lair:2   | Killed a death yak
 12787 | Lair:2   | Got a translucent battleaxe
 12788 | Lair:2   | Identified the cursed +1 battleaxe "Dragonslayer" {vamp,
                  | rF+} (You found it on level 2 of the Lair of Beasts)
 12928 | Lair:2   | Noticed a four-headed hydra
 12938 | Lair:2   | Killed a four-headed hydra
 12939 | Lair:2   | Reached XP level 12. HP: 79/107 MP: 14/14
 13154 | Lair:2   | Noticed a five-headed hydra
 13166 | Lair:2   | Killed a five-headed hydra
 13506 | Lair:3   | Noticed a five-headed hydra
 13518 | Lair:3   | Killed a five-headed hydra
 13540 | Lair:3   | Noticed a seven-headed hydra
 13546 | Lair:3   | Killed a seven-headed hydra
 15173 | Lair:3   | Reached ***** piety under Makhleb
 15233 | Lair:4   | Reached skill level 10 in Bows
 15235 | Lair:4   | Reached XP level 13. HP: 118/118 MP: 15/15
 15246 | Lair:4   | Found a staircase to the Snake Pit.
 15829 | Lair:4   | Reached skill level 5 in Invocations
 16201 | Lair:4   | Noticed a blizzard demon
 16975 | Lair:4   | Found a staircase to the Shoals.
 18316 | Lair:6   | Entered Level 6 of the Lair of Beasts
 18358 | Lair:5   | Reached skill level 5 in Evocations
 18869 | Lair:6   | Noticed an Executioner
 19648 | Lair:6   | Found a staircase to the Slime Pits.
 19648 | Lair:6   | Found a viscous altar of Jiyva.
 19670 | Lair:6   | Got a brightly glowing cloak
 19681 | Lair:6   | Identified the +2 cloak of Inevitability {+Inv rElec Str+3}
                  | (You found it on level 6 of the Lair of Beasts)
 19961 | Lair:6   | Reached XP level 14. HP: 52/129 MP: 17/17
 20237 | Lair:6   | Got a wavering glass ring
 20932 | Lair:6   | Identified the ring of Buanexko {rPois Will+} (You found it
                  | on level 6 of the Lair of Beasts)
 21108 | Orc:1    | Entered Level 1 of the Orcish Mines
 21148 | Orc:1    | Found a transporter.
 21517 | Orc:1    | Found Soocet's Antique Armour Shop.
 21522 | Orc:1    | Found a transporter.
 21522 | Orc:1    | Noticed kthxbai's ghost (journeyman MfGl)
 21750 | Orc:2    | Entered Level 2 of the Orcish Mines
 21750 | Orc:2    | Noticed an orc warlord
 21780 | Orc:2    | Killed an orc warlord
 22088 | Orc:2    | Found a staircase to the Elven Halls.
 22402 | Orc:2    | Reached ****** piety under Makhleb
 22849 | Orc:2    | Found Gaor's Armour Emporium.
 23060 | Orc:2    | Found Xapairph's Distillery.
 23060 | Orc:2    | Found Qoidiani's Book Emporium.
 23121 | Orc:2    | Found Xyilah's Assorted Antiques.
 23242 | Orc:2    | Bought a +4 plate armour of fire resistance for 650 gold
                  | pieces
 23435 | Orc:1    | Killed kthxbai's ghost
 23768 | Orc:1    | Got a slimy fustibalus
 23774 | Orc:1    | Got the ring "Huipyfar" {Int+6}
 23808 | Orc:1    | Identified the +6 fustibalus of Owarad {speed, Str+3} (You
                  | found it on level 1 of the Orcish Mines)
 23810 | Orc:1    | Identified the ring "Huipyfar" {*Contam rF+ Will+ Int+6
                  | Slay+3} (You found it on level 1 of the Orcish Mines)
 24650 | D:11     | Found a basalt altar of Yredelemnul.
 26213 | D:13     | Noticed Josephine
 26226 | D:13     | Killed Josephine
 26227 | D:13     | Reached XP level 15. HP: 139/139 MP: 19/19
 26636 | D:13     | Found a gate to the Vaults.
 26794 | D:14     | Reached skill level 15 in Fighting
 26909 | D:14     | Noticed Rupert
 26921 | D:14     | Killed Rupert
 27112 | D:14     | Found a gate leading to a gauntlet.
 27121 | Gauntlet | Entered a Gauntlet
 27121 | Gauntlet | Found a transporter.
 27130 | Gauntlet | Found a transporter.
 27136 | Gauntlet | Found a transporter.
 27137 | Gauntlet | Found a transporter.
 27137 | Gauntlet | Found a transporter.
 27138 | Gauntlet | Found a transporter.
 27151 | Gauntlet | Found a transporter.
 27152 | Gauntlet | Found a transporter.
 27219 | Gauntlet | Found a transporter.
 27224 | Gauntlet | Found a transporter.
 27224 | Gauntlet | Found a transporter.
 27235 | Gauntlet | Found the ring of the Hare {EV+8}
 27239 | Gauntlet | Found a transporter.
 27751 | D:14     | Reached skill level 15 in Armour
 28101 | D:14     | Identified a scroll of acquirement
 28101 | D:14     | Acquired the ring of Qeunk {rElec rN+++ Str+2 Int-5 Slay+4}
 28131 | D:15     | Entered Level 15 of the Dungeon
 28452 | D:15     | Found a staircase to the Depths.
 28987 | D:15     | Found Viefin's Distillery.
 29303 | Snake:1  | Entered Level 1 of the Snake Pit
 29939 | Snake:1  | Found a transporter.
 29941 | Snake:1  | Found a transporter.
 30302 | Snake:2  | Reached XP level 16. HP: 63/151 MP: 21/21
 31985 | Snake:3  | HP: 4/151 [guardian serpent/bolt of poison (15)]
 32611 | Snake:3  | Reached skill level 15 in Maces & Flails
 32694 | Snake:3  | Noticed Kirke
 32706 | Snake:3  | Killed Kirke
 33170 | Snake:3  | Noticed Bai Suzhen
 33187 | Snake:3  | Killed Bai Suzhen
 33188 | Snake:3  | Reached skill level 10 in Invocations
 33618 | Snake:4  | Entered Level 4 of the Snake Pit
 33897 | Snake:4  | Noticed Louise
 33946 | Snake:3  | HP: 7/154 [poisoned by a naga ritualist]
 33951 | Snake:3  | HP: 5/154 [poisoned by a naga ritualist]
 33956 | Snake:3  | HP: 4/154 [poisoned by a naga ritualist]
 33962 | Snake:3  | HP: 6/154 [poisoned by a naga ritualist]
 34183 | Snake:4  | Killed Louise
 34787 | Snake:4  | Reached XP level 17. HP: 161/161 MP: 23/23
 35002 | Snake:4  | HP: 3/163 [nagaraja (3)]
 35002 | Snake:4  | Slain by a nagaraja

Illustrated notes

Levels and vault maps discovered:
D:1:      lightli_arrival_statuegarden, layout_rooms
D:2:      layout_rooms, minmay_quantized, uniq_terence
D:3:      layout_loops_ring, serial_co_window_serial, co_window_cross_1,
          co_window_of_opportunity_a, co_window_paths_a,
          co_window_of_opportunity_a, co_window_paths_a, co_window_broadway_c,
          co_window_2corner, co_window_2corner, co_window_corner_b,
          co_window_4corner_a, glass_columns_b, glass_columns_c,
          glass_columns_c, serial_bayou_pond_e, xom_teletrap_fun, uniq_robin,
          uniq_grinder
D:4:      layout_layer_cave, marbit_many_paths, minmay_temple_entry_mini_moons,
          gammafunk_ghost_mausoleum
D:5:      layout_rooms, gammafunk_ghost_smash, serial_curves, eino_curves_01,
          eino_curves_04, eino_curves_02, eino_curves_03, uniq_pikel,
          uniq_eustachio
D:6:      minmay_thinvault, layout_cave_pods, kennysheep_mini_moat,
          lemuel_oklob_altar
D:7:      layout_rooms, uniq_joseph
D:8:      layout_loops_corners
D:9:      layout_basic, lemuel_round_altar, gammafunk_temple_overflow_claw,
          orc_0_dummy
D:10:     layout_big_octagon, serial_shops, shop, grunt_ministairs_15,
          jiyva_altar_1, uniq_grum
D:11:     layout_basic, lemuel_mausoleum_altar_yredelemnul
D:12:     layout_irregular_city, serial_bayou_lake_a
D:13:     layout_rooms, david_vaults_4, uniq_josephine
D:14:     layout_small_grid, gauntlet_entry_generic, minmay_checkerbox,
          uniq_rupert
D:15:     grunt_enter_depths_magical_seal, layout_loops_ring, serial_shops,
          shop, chequers_serial_rivers_large_a, serial_aquarium,
          aquarium_bridge_straight [aquarium_subvault_bridge,
          aquarium_subvault_window, aquarium_subvault_bridge,
          aquarium_subvault_wall], aquarium_window_1,
          aquarium_window_corridor_3, aquarium_view_2e, aquarium_view_2f,
          chequers_serial_rivers_room_b
Temple:   regret_index_temple_sphere_string
Lair:1:   layout_regular_city, basic_altar
Lair:2:   layout_chaotic_city, nicolae_quartered_pool_little,
          grunt_forest_small_clearing_treed, infiniplex_staircase_pool
Lair:3:   layout_regular_city, serial_bayou_shore_a, serial_bayou_shore_b,
          grunt_megastairs_2
Lair:4:   layout_regular_city, minmay_shoals_entry_lonely_mermaid,
          minmay_snake_entry_guardpost_small, forest_entry_grove,
          grunt_megastairs_1, minmay_lair_oklob_chamber
Lair:5:   layout_loops_ring, st_stairs_3
Lair:6:   gammafunk_lair_ancient_temple, layout_regular_city, slime_altar_1,
          pond, serial_bayou_shore_b
Snake:1:  gammafunk_sealed_arena, layout_misc_corridors, drop_trap,
          grunt_megastairs_5
Snake:2:  layout_chambers, statue_in_the_mist_lemuel, serial_bayou_shore_b
Snake:3:  layout_cave_shapes, lemuel_fruit_tree, uniq_bai_suzhen, uniq_kirke
Snake:4:  johnstein_snake_rune_scales, layout_rooms, uniq_louise
Orc:1:    layout_diamond_mine, serial_shops, shop, gammafunk_ghost_stat_death
Orc:2:    st_orc_elflike, layout_caves, elves_outpost_lemuel

Skill      XL: |  1  2  3  4  5  6  7  8  9 10 11 12 13 14 15 16 17 |
---------------+----------------------------------------------------+-----
Maces & Flails | 4 5 6 8 9 11 12 13 14 15 | 15.3
Armour         | 1 3 6 8 9 10 11 12 13 14 15 17 | 17.4
Fighting       | 3 4 5 6 7 9 10 12 13 14 16 17 | 17.7
Dodging        | 4 5 6 |  6.8
Stealth        | 1 2 |  2.0
Evocations     | 1 2 3 4 5 6 7 |  7.6
Bows           | 1 6 7 10 11 12 13 14 | 14.5
Invocations    | 2 4 6 8 10 | 10.7
Throwing       | |  2.0

Action                   |  1- 3 |  4- 6 |  7- 9 | 10-12 | 13-15 | 16-18 || total
-------------------------+-------+-------+-------+-------+-------+-------++-------
Melee: Flail             |    35 |       |       |       |       |       ||    35
       Whip              |    75 |   132 |   241 |   639 |  1349 |   434 ||  2870
       Headbutt          |     9 |    24 |    48 |   161 |   364 |   132 ||   738
       Shortbow          |       |       |       |       |    10 |       ||    10
 Fire: Shortbow          |       |       |    22 |   270 |   548 |   205 ||  1045
Invok: Minor Destruction |       |       |       |    20 |    20 |    13 ||    53
       Lesser Servant of |       |       |       |     1 |    29 |    43 ||    73
       Greater Servant o |       |       |       |       |     5 |       ||     5
       Major Destruction |       |       |       |       |     2 |       ||     2
Evoke: Wand              |       |       |    15 |    14 |    28 |    52 ||   109
       Condenser vane    |       |       |       |       |     1 |     2 ||     3
  Use: Scroll            |     4 |     7 |    11 |    15 |    19 |     4 ||    60
       Potion            |       |       |       |       |     8 |    12 ||    20
 Stab: Distracted        |       |       |       |       |     5 |     2 ||     7
       Invisible         |       |       |       |       |     2 |       ||     2
Armor: Leather armour    |    11 |       |       |       |       |       ||    11
       Ring mail         |    25 |     1 |       |       |       |       ||    26
       Chain mail        |       |    82 |   118 |   246 |   340 |       ||   786
       Plate armour      |       |       |       |       |   270 |   342 ||   612
Dodge: Dodged            |    81 |    78 |    86 |   302 |   731 |   251 ||  1529
